 Dungeon Crawl Stone Soup version 0.26-a0-926-g43279f1ce9 (webtiles) character file.

Game seed: 10940228806358780371

48587 KristoblXynda the Grappler (level 14, -6/133 HPs)
             Began as a Troll Hedge Wizard on Nov 26, 2020.
             Was a High Priest of Ashenzari.
             Mangled by a komodo dragon (24 damage)
             ... on level 6 of the Lair of Beasts.
             The game lasted 00:43:18 (17821 turns).

KristoblXynda the Grappler (Troll Hedge Wizard)    Turns: 17821, Time: 00:43:19

Health: -6/133     AC: 10    Str: 21    XL:     14   Next: 12%
Magic:  11/20      EV: 16    Int: 17    God:    Ashenzari [*****.]
Gold:   1385       SH: 18    Dex: 15    Spells: 17/23 levels left

rFire    + . .     SeeInvis +     - Unarmed
rCold    + . .     Faith    .   E - +7 kite shield of Honour {rCorr} (curse)
rNeg     . . .     Spirit   .   n - +2 troll leather armour (curse)
rPois    .         Reflect  .   c - +0 hat
rElec    .         Harm     .   I - scarf {rC+ rF+}
rCorr    +         Rampage  .   (gloves unavailable)
MR       +....     Clarity  +   (boots unavailable)
Stlth    ++........             C - amulet of Youthful Indiscretion {RegenMP Int+3} (curse)
HPRegen  1.12/turn              a - +6 ring of dexterity
MPRegen  0.42/turn              i - ring of wizardry (curse)

@: lethally poisoned (-6 -> -6)
A: large, unfitting armour, claws 3, regeneration 1, shaggy fur 1, tough skin 3
a: Curse Item, Scrying, Transfer Knowledge, Renounce Religion


You were on level 6 of the Lair of Beasts.
You worshipped Ashenzari.
Ashenzari was extremely pleased with you.
You visited 4 branches of the dungeon, and saw 19 of its levels.
You also visited: Bailey and Ice Cave.

You collected 1589 gold pieces.
You spent 204 gold pieces at shops.

Inventory:

Hand Weapons
 l - a +6 whip of flaming
Armour
 c - a +0 hat (worn)
 n - a cursed +2 troll leather armour (worn)
 E - the cursed +7 kite shield of Honour (worn) {rCorr}
   (You acquired it on level 9 of the Dungeon)

   It provides partial protection from all sources of acid and corrosion.
   It has a curse placed upon it.
 I - a scarf of resistance (worn)
Jewellery
 a - a +6 ring of dexterity (left claw)
 e - a +4 ring of protection
 i - a cursed ring of wizardry (right claw)
 C - the cursed amulet of Youthful Indiscretion (around neck) {RegenMP Int+3}
   (You acquired it on level 9 of the Dungeon)

   [amulet of magic regeneration]

   It increases your magic regeneration.
   It affects your intelligence (+3).
   It has a curse placed upon it.
Wands
 s - a wand of iceblast (1) (quivered)
Scrolls
 b - a scroll of random uselessness {unknown}
 f - a scroll of immolation
 j - 5 scrolls of remove curse
 k - 2 scrolls of vulnerability {unknown}
 o - 4 scrolls of amnesia
 q - 2 scrolls of fog
 v - 4 scrolls of blinking
 w - 4 scrolls of teleportation
 z - a scroll of silence
Potions
 d - 4 potions of brilliance
 g - a potion of heal wounds
 h - 4 potions of curing
 m - a potion of invisibility
 p - 5 potions of haste
 r - 3 potions of flight
 t - 2 potions of cancellation
 u - 2 potions of attraction
 G - 2 potions of mutation


   Skills:
 + Level 7.0 Fighting
 + Level 5.3 Armour
 - Level 10.0 Dodging
 - Level 1.0 Stealth
 - Level 7.1(9.8) Shields
 + Level 11.1 Unarmed Combat
 - Level 5.2 Spellcasting
 + Level 8.5(11.1) Conjurations
 - Level 0.6(1.8) Summonings
 - Level 0.6(1.8) Translocations
 - Level 2.4(4.6) Evocations


You had 17 spell levels left.
You knew the following spells:

 Your Spells              Type           Power        Failure   Level
a - Mephitic Cloud        Conj/Pois/Air  ###.....     4%          3
b - Conjure Flame         Conj/Fire      ###.....     1%          3

Your spell library contained the following spells:

 Spells                   Type           Power        Failure   Level
 Magic Dart               Conj           ####         1%          1
 Apportation              Tloc           ##....       3%          1
 Summon Small Mammal      Summ           ##..         3%          1
 Blink                    Tloc           N/A          4%          2
 Call Imp                 Summ           ##......     4%          2
 Animate Skeleton         Necr           #.....       6%          1
 Corona                   Hex            #......      6%          1
 Freeze                   Ice            #...         6%          1
 Sting                    Tmut/Pois      #...         6%          1
 Hailstorm                Conj/Ice       ###.....     6%          4
 Poisonous Vapours        Pois/Air       #.....       9%          2
 Slow                     Hex            #.......     9%          2
 Frozen Ramparts          Ice            #.....       16%         3
 Ignite Poison            Fire/Tmut/Pois #.......     16%         3
 Ozocubu's Armour         Ice            #.......     16%         3
 Summon Ice Beast         Ice/Summ       #.......     36%         4
 Cause Fear               Hex            #.........   45%         4
 Olgreb's Toxic Radiance  Pois           #.......     45%         4
 Silence                  Hex/Air        #.........   80%         5
 Yara's Violent Unravell  Hex/Tmut       #.........   80%         5
 Discord                  Hex            #.........   100%        8


Dungeon Overview and Level Annotations

Branches:
Dungeon (11/15)            Temple (1/1) D:7            Lair (6/6) D:11
 Shoals (1/4) Lair:2        Snake (0/4) Lair:4        Slime (0/5) Lair:6
    Orc (0/2) D:9          Bailey (visited)           IceCv (visited)

Altars:
Ashenzari
Cheibriados
Dithmenos
Elyvilon
Fedhas
Gozag
Hepliaklqana
Kikubaaqudgha
Makhleb
Nemelex Xobeh
Okawaru
Qazlal
Ru
Sif Muna
Trog
Uskayaw
Vehumet
Wu Jian
Xom
Yredelemnul
Zin
The Shining One
Jiyva

Shops:
D:6 *(!   D:7 [(   D:9 *

Annotations:
D:5 1 transporter
Lair:3 exclusion: 4 oklob plants
Lair:4 2 transporters, Itwuimug's ghost, journeyman DsWn


Innate Abilities, Weirdness & Mutations

You are too large for most types of armour.
You have claws for hands.
Your natural rate of healing is unusually fast.
You are covered in fur. (AC +1)
You have extremely tough skin. (AC +3)


Message History

You are poisoned.
The water moccasin poisons you! The komodo dragon bites you.
* * * LOW HITPOINT WARNING * * *
Casting: Conjure Flame (safe; 1% risk of failure)
Confirm with . or Enter, or press ? or * to list all spells.
The fire ignites!
You are engulfed in blazing flames.
You resist.
* * * LOW HITPOINT WARNING * * *
You feel sick. You block the water moccasin's attack.
You block the komodo dragon's attack. The water moccasin bites you.
* * * LOW HITPOINT WARNING * * *
You feel sick.
You scratch the komodo dragon but do no damage.
The komodo dragon is engulfed in blazing flames.
You block the komodo dragon's attack.
You mangle the komodo dragon!!
The komodo dragon is severely wounded.
You feel sick.
The komodo dragon is engulfed in blazing flames.
The komodo dragon bites you!!
You die...

, , * ,, *** * #P *,
** ,, , ** #., *
,#..P.... #.. ,
,##....... #..+ , ,
*#....##.. #..# * *
#...##... ##...##* *
##...#...
#.....########....#..#
*#..@#...##......###.
#...l...............
###..##..##....#..#.
###########.###### ###
#


You could see a komodo dragon.

Vanquished Creatures
  9 hydras
  A boulder beetle (D:10)
  A catoblepas (Lair:4)
  A two-headed ogre (D:9)
  A skeletal warrior (D:10)
  Pikel (D:4)
  2 harpies (Lair:6)
  2 ugly things (IceCv)
  An orc knight (Bailey)
  A manticore (Lair:6)
  15 elephants
  2 ice statues (IceCv)
  Joseph (D:7)
  14 cane toads
  A gargoyle (D:11)
  2 centaur skeletons (D:11)
  3 black mambas
  Maggie (D:7)
  4 rime drakes
  2 kobold demonologists (Bailey)
  6 komodo dragons
  3 polar bears
  2 trolls
  2 hornets (Lair:6)
  A wind drake (Lair:6)
  12 dream sheep (Lair:5)
  Prince Ribbit (D:9)
  8 blink frogs
  4 wyverns
  A basilisk (Lair:4)
  A wraith (D:10)
  43 yaks
  A steam dragon (Lair:2)
  4 wargs
  10 water moccasins
  5 black bears
  16 orc warriors
  20 ice beasts
  3 sky beasts
  7 centaurs
  3 phantoms
  5 ogres
  A lemure (D:4)
  13 bullfrogs
  A gnoll sergeant (D:9)
  3 scorpions
  14 killer bees
  4 electric eels
  4 howler monkeys
  7 orc priests
  A bullfrog zombie (D:5)
  3 hounds
  A jelly (D:6)
  4 bullfrog skeletons
  4 iguanas
  11 orc wizards
  7 worker ants
  A killer bee zombie (D:7)
  3 worker ant zombies
  14 gnolls
  11 adders
  4 shadow imps
  4 white imps
  5 ufetubi
  An ooze (D:5)
  A dart slug (D:3)
  4 leopard geckos
  45 orcs
  A ball python (D:1)
  6 giant cockroaches
  14 goblins
  14 hobgoblins
  14 jackals
  4 quokkas
  A bat (D:3)
  5 frilled lizards
  4 kobolds
  A leopard gecko skeleton (D:5)
  9 rats
467 creatures vanquished.

Vanquished Creatures (others)
  An orc wizard (D:8)
  2 orcs
  28 fungi
  64 plants
95 creatures vanquished.

Grand Total: 562 creatures vanquished

Notes
Turn   | Place    | Note
-------+----------+-------------------------------------------
     0 | D:1      | KristoblXynda the Troll Hedge Wizard began the quest for
                  | the Orb.
     0 | D:1      | Reached XP level 1. HP: 16/16 MP: 2/2
   185 | D:1      | Reached XP level 2. HP: 24/24 MP: 4/4
   236 | D:1      | Reached skill level 1 in Unarmed Combat
   826 | D:2      | Found a sparkling altar of Nemelex Xobeh.
   827 | D:2      | Found an ornate altar of the Wu Jian Council.
  1122 | D:2      | Reached XP level 3. HP: 31/31 MP: 5/5
  1484 | D:3      | Noticed a bullfrog
  1500 | D:3      | Killed a bullfrog
  1501 | D:3      | Reached skill level 2 in Unarmed Combat
  1501 | D:3      | Reached XP level 4. HP: 34/39 MP: 6/6
  1662 | D:3      | Found an ancient bone altar of Kikubaaqudgha.
  1696 | D:3      | Reached XP level 5. HP: 45/45 MP: 6/8
  1730 | D:3      | Reached skill level 3 in Unarmed Combat
  1993 | D:3      | Found a bloodstained altar of Trog.
  2099 | D:3      | Reached XP level 6. HP: 53/53 MP: 9/9
  2494 | D:4      | Noticed Pikel
  2525 | D:4      | Killed Pikel
  2526 | D:4      | Reached skill level 4 in Unarmed Combat
  2526 | D:4      | Reached XP level 7. HP: 51/59 MP: 9/11
  2645 | D:4      | Reached skill level 5 in Unarmed Combat
  2808 | D:4      | Reached XP level 8. HP: 47/67 MP: 12/12
  3544 | D:5      | Entered Level 5 of the Dungeon
  4043 | D:5      | Reached skill level 5 in Dodging
  4517 | D:5      | Reached skill level 6 in Unarmed Combat
  4637 | D:5      | Found a sparkling altar of Nemelex Xobeh.
  4637 | D:5      | Found a transporter.
  4637 | D:5      | Noticed a boulder beetle
  4684 | D:5      | Found a snail-covered altar of Cheibriados.
  4844 | D:6      | Found Mokhoahi's Distillery.
  4853 | D:6      | Learned a level 3 spell: Mephitic Cloud
  4860 | D:6      | Bought a potion of heal wounds for 60 gold pieces
  4860 | D:6      | Bought a potion of heal wounds for 60 gold pieces
  4860 | D:6      | Bought a potion of lignification for 36 gold pieces
  4867 | D:6      | Found Vifaczaim's Antique Weapon Shop.
  5187 | D:6      | Found a radiant altar of Vehumet.
  5209 | D:6      | Found Witwil's Assorted Antiques.
  5502 | D:7      | Found a basalt altar of Yredelemnul.
  5502 | D:7      | Noticed Maggie
  5509 | D:7      | Killed Maggie
  5510 | D:7      | Reached XP level 9. HP: 72/74 MP: 11/15
  5545 | D:7      | Found Daxiug's Antique Weapon Boutique.
  5623 | D:7      | Found a staircase to the Ecumenical Temple.
  5633 | D:7      | Got a twisted robe
  5646 | Temple   | Entered the Ecumenical Temple
  5761 | Temple   | Became a worshipper of Ashenzari the Shackled
  5772 | Temple   | Identified the +0 robe of the Bouncing Gods {Str+4 Int+2
                  | Dex+2} (You found it on level 7 of the Dungeon)
  6104 | D:7      | Reached skill level 7 in Unarmed Combat
  6272 | D:7      | Noticed Joseph
  6294 | D:7      | Killed Joseph
  6295 | D:7      | Reached skill level 5 in Spellcasting
  6448 | D:7      | Found Hot Buililai's Armour Shoppe.
  6475 | D:7      | Reached skill level 1 in Conjurations
  6489 | D:7      | Reached skill level 8 in Unarmed Combat
  6992 | D:8      | Found a hide-covered altar of Uskayaw.
  7280 | D:8      | Reached XP level 10. HP: 81/81 MP: 16/16
  7694 | D:9      | Found a staircase to the Orcish Mines.
  7696 | D:9      | Found a stormy altar of Qazlal.
  7702 | D:9      | Reached * piety under Ashenzari
  7841 | D:9      | Identified 2 scrolls of acquirement
  7841 | D:9      | Acquired the cursed +7 kite shield of Honour {rCorr}
  7845 | D:9      | Acquired the cursed amulet of Youthful Indiscretion
                  | {RegenMP Int+3}
  7960 | D:9      | Found a shimmering blue altar of Sif Muna.
  8005 | D:9      | Reached skill level 1 in Shields
  8093 | D:9      | Reached skill level 9 in Unarmed Combat
  8123 | D:9      | Found Efitwoc's General Store.
  8131 | D:9      | Bought a potion of lignification for 48 gold pieces
  8398 | D:9      | Noticed Prince Ribbit
  8413 | D:9      | Killed Prince Ribbit
  8509 | D:9      | Found an iron altar of Okawaru.
  8581 | D:9      | Noticed a two-headed ogre
  8590 | D:9      | Killed a two-headed ogre
  8648 | D:9      | Found a blossoming altar of Fedhas.
  8649 | D:9      | Found a glowing silver altar of Zin.
  8689 | D:10     | Entered Level 10 of the Dungeon
  8742 | D:10     | Reached XP level 11. HP: 21/88 MP: 17/17
  8844 | D:10     | Found a flagged portal.
  8858 | Bailey   | Entered a bailey
  8872 | Bailey   | Noticed an orc knight
  8888 | Bailey   | Killed an orc knight
  8936 | Bailey   | Noticed a sixfirhy
  9004 | Bailey   | Found an iron altar of Okawaru.
  9356 | D:10     | Acquired 747 gold pieces
  9509 | D:10     | Reached skill level 10 in Unarmed Combat
  9570 | D:10     | Reached skill level 5 in Conjurations
  9903 | D:11     | Noticed a skeletal warrior
  9904 | D:11     | Noticed a skeletal warrior
  9905 | D:11     | Noticed a skeletal warrior
 10071 | D:7      | Identified the +6 chain mail "Uhexeare" {rF+ rC- Str+6}
 10386 | D:10     | Killed a skeletal warrior
 10660 | D:11     | Found a staircase to the Lair.
 10746 | D:11     | Noticed a boulder beetle
 10782 | D:10     | Killed a boulder beetle
 10783 | D:10     | Reached skill level 1 in Fighting
 10855 | D:10     | Reached skill level 5 in Shields
 10924 | Lair:1   | Entered Level 1 of the Lair of Beasts
 11141 | Lair:1   | Reached XP level 12. HP: 101/101 MP: 15/18
 11407 | Lair:1   | Noticed a seven-headed hydra
 11419 | Lair:1   | Killed a seven-headed hydra
 11618 | Lair:1   | Reached ** piety under Ashenzari
 11816 | Lair:1   | Noticed an eight-headed hydra
 12070 | Lair:1   | Killed an eight-headed hydra
 12577 | Lair:2   | Found a staircase to the Shoals.
 12692 | Lair:2   | Found a glowing golden altar of the Shining One.
 13419 | Shoals:1 | Entered Level 1 of the Shoals
 13452 | Lair:3   | Noticed a six-headed hydra
 13497 | Lair:3   | Learned a level 3 spell: Conjure Flame
 13526 | Lair:3   | Noticed a six-headed hydra
 13577 | Lair:3   | Reached skill level 10 in Dodging
 13677 | Lair:3   | Reached *** piety under Ashenzari
 13817 | Lair:3   | Reached skill level 1 in Armour
 13855 | Lair:3   | Noticed a six-headed hydra
 13881 | Lair:3   | Killed a six-headed hydra
 14013 | Lair:3   | Reached XP level 13. HP: 107/117 MP: 19/19
 14132 | Lair:3   | Reached skill level 5 in Fighting
 14602 | Lair:3   | Reached skill level 1 in Evocations
 15151 | Lair:4   | Found a transporter.
 15157 | Lair:4   | Noticed Itwuimug's ghost (journeyman DsWn)
 15169 | Lair:4   | Found a transporter.
 15507 | Lair:4   | Reached **** piety under Ashenzari
 15528 | Lair:4   | Found a staircase to the Snake Pit.
 15940 | Lair:5   | Found a frozen archway.
 16074 | IceCv    | Entered an ice cave
 16105 | IceCv    | Found a transporter.
 16195 | IceCv    | Found a transporter.
 17343 | Lair:6   | Entered Level 6 of the Lair of Beasts
 17385 | Lair:6   | Reached skill level 5 in Armour
 17477 | Lair:6   | Reached XP level 14. HP: 131/131 MP: 20/20
 17524 | Lair:6   | Reached skill level 11 in Unarmed Combat
 17593 | Lair:6   | Found a staircase to the Slime Pits.
 17593 | Lair:6   | Found a viscous altar of Jiyva.
 17595 | Lair:6   | Reached ***** piety under Ashenzari
 17821 | Lair:6   | Mangled by a komodo dragon

Illustrated notes

Levels and vault maps discovered:
D:1:      dpeg_arrival_windows_large_door, layout_basic, serial_bayou_pond_e
D:2:      layout_loops_ring, chequers_temple_overflow_statue_of_worship
D:3:      layout_loops_ring, bloody_trog, kiku_gazebo_pond_becter
D:4:      layout_layer_cave, uniq_pikel
D:5:      minmay_chambers_of_threes, layout_loops_corners, cheibriados_altar_1,
          nrook_pool_corridor, solitary_fountain, grunt_nemelex_the_gamble
D:6:      layout_basic, nicolae_overflow_crystal_walls, serial_shops, shop,
          nicolae_shop_temple_entry_statues_fountains, shop
D:7:      layout_gridville, minmay_temple_entry_glassed_door, serial_shops,
          shop, shop, basic_altar, uniq_joseph, uniq_maggie
D:8:      layout_basic, eat_drink_and_be_merry_uskayaw
D:9:      layout_irregular_city, overflow_temple_1_default,
          nicolae_overflow_hidden_temple, david_orc_3, basic_altar,
          serial_column_ruins, column_ruins_hut, column_ruins_square_medium,
          column_ruins_columns_corner, column_ruins_open_tiny,
          column_ruins_open_tiny, column_ruins_open_tiny_water, serial_shops,
          shop, nicolae_qazlal_eye_of_the_storm, uniq_prince_ribbit1
D:10:     layout_rooms, enter_bailey_2
D:11:     layout_basic, erik_lair_orcish_takeover
Temple:   minmay_temple_forest_path
Lair:1:   layout_chaotic_city
Lair:2:   layout_regular_city, minmay_shoals_entry_centaurs, basic_altar
Lair:3:   layout_regular_city, minmay_lair_oklob_chamber,
          infiniplex_staircase_pool, grunt_megastairs_2, uniq_nergalle
Lair:4:   layout_cave_pods, dummy_snake_entry, gammafunk_ghost_berserking_beasts
Lair:5:   layout_small_grid, portal_ice_cave_entry_ice_beasts,
          lemuel_fruit_tree, grunt_megastairs_3
Lair:6:   gammafunk_lair_ancient_temple, layout_regular_city, slime_altar_1,
          basic_altar, chequers_serial_rivers_small_a
Shoals:1: layout_shoals

Skill      XL: |  1  2  3  4  5  6  7  8  9 10 11 12 13 14 |
---------------+-------------------------------------------+-----
Unarmed Combat | 1 2 3 4 5 6 8 9 10 11 | 11.1
Dodging        | 2 3 4 6 7 8 9 10 | 10.0
Spellcasting   | 3 4 5 |  5.2
Conjurations   | 2 4 5 7 8 |  8.5
Shields        | 3 5 6 7 |  7.1
Fighting       | 2 4 6 7 |  7.0
Armour         | 2 5 |  5.3
Evocations     | 2 |  2.4
Stealth        | |  1.0
Summonings     | |  0.6
Translocations | |  0.6

Action                   |  1- 3 |  4- 6 |  7- 9 | 10-12 | 13-15 || total
-------------------------+-------+-------+-------+-------+-------++-------
Melee: Unarmed           |    79 |   170 |   328 |   952 |   502 ||  2031
       Punch             |       |     3 |     3 |    23 |       ||    29
       Whip              |       |       |       |    13 |    18 ||    31
 Cast: Mephitic Cloud    |       |       |     4 |    16 |     2 ||    22
       Conjure Flame     |       |       |       |     2 |    24 ||    26
Invok: Curse Item        |       |       |     2 |     1 |       ||     3
Evoke: Wand              |       |       |     1 |    13 |     3 ||    17
  Use: Scroll            |       |     6 |     8 |    19 |     8 ||    41
       Potion            |       |     1 |     2 |     5 |     4 ||    12
 Stab: Sleeping          |     2 |     1 |     1 |     1 |       ||     5
       Distracted        |     1 |       |     2 |       |       ||     3
       Confused          |       |       |     4 |    10 |     3 ||    17
       Paralysed         |       |       |       |     8 |     2 ||    10
Armor: Robe              |    43 |    65 |    99 |    22 |       ||   229
       Skin              |       |       |     5 |     6 |       ||    11
       Steam dragon scal |       |       |     3 |       |       ||     3
       Troll leather arm |       |       |       |   324 |   114 ||   438
Dodge: Dodged            |    33 |    66 |   155 |   573 |   259 ||  1086
Block: Kite shield       |       |       |       |   240 |   556 ||   796

Table legend: (Time is in decaauts)
 A = Elapsed time spent in this place.
 B = Non-inter-level travel time spent in this place.
 C = Inter-level travel time spent in this place.
 D = Time resting spent in this place.
 E = Time spent auto-exploring this place.
 F = Levels seen in this place.
 G = Mean time per level.
                   A        B        C        D        E       F      G
               +--------+--------+--------+--------+--------+-----+--------+
         Total |  17542 |  16723 |    819 |   2630 |   9534 |  21 |  835.3 |
       Dungeon |   9885 |   9245 |    640 |   1006 |   5800 |  11 |  898.6 |
        Temple |    433 |    359 |     74 |      0 |    338 |   1 |  433.0 |
          Lair |   6511 |   6406 |    105 |   1444 |   3396 |   6 | 1085.2 |
        Shoals |      1 |      1 |      0 |      0 |      0 |   1 |    1.0 |
        Bailey |    480 |    480 |      0 |     54 |      0 |   1 |  480.0 |
      Ice Cave |    231 |    231 |      0 |    126 |      0 |   1 |  231.0 |
               +--------+--------+--------+--------+--------+-----+--------+

Top non-repeatable levels by time:
  Lair:3: 1571 daAuts
  Lair:1: 1564 daAuts
     D:5: 1366 daAuts
     D:4: 1330 daAuts
     D:9: 1131 daAuts
  Lair:5: 1119 daAuts
    D:10: 1007 daAuts
     D:7: 1003 daAuts
  Lair:2: 962 daAuts
  Lair:4: 830 daAuts
     D:3: 819 daAuts
     D:1: 812 daAuts
     D:8: 789 daAuts
     D:6: 778 daAuts
     D:2: 571 daAuts
